 Dungeon Crawl Stone Soup version 0.25-a0-865-gd392131cc7 (webtiles) character file.

Game seed: 12305995334207168659, levelgen mode: deterministic

30 Mrkan the Skirmisher (level 3, 0/33 HPs)
             Began as a Hill Orc Fighter on Apr 29, 2020.
             Slain by an adder (2 damage)
             ... on level 2 of the Dungeon.
             The game lasted 00:02:12 (838 turns).

Mrkan the Skirmisher (Hill Orc Fighter)              Turns: 838, Time: 00:02:13

Health: 0/33       AC:  6    Str: 19    XL:     3   Next: 20%
Magic:  3/3        EV:  7    Int:  8    God:
Gold:   58         SH:  9    Dex: 10    Spells: 2/2 levels left

rFire    . . .     SeeInvis .   a - +0 war axe
rCold    . . .     Gourm    .   c - +0 kite shield
rNeg     . . .     Faith    .   b - +0 scale mail
rPois    .         Spirit   .   (no helmet)
rElec    .         Reflect  .   (no cloak)
rCorr    .         Harm     .   (no gloves)
MR       .....                  (no boots)
Stlth    ..........             (no amulet)
HPRegen  0.11/turn              (no ring)
MPRegen  0.08/turn              (no ring)

@: lethally poisoned (0 -> -7)
A: no striking features
a: no special abilities


You were on level 2 of the Dungeon.
You were not hungry.

You visited 1 branch of the dungeon, and saw 2 of its levels.

You collected 58 gold pieces.

Inventory:

Hand Weapons
 a - a +0 war axe (weapon)
Armour
 b - a +0 scale mail (worn)
 c - a +0 kite shield (worn)
 o - a +0 chain mail
Jewellery
 n - an uncursed ring of positive energy {unknown}
 q - an uncursed ring of stealth {unknown}
Scrolls
 e - 2 scrolls of amnesia {unknown}
 g - a scroll of random uselessness {unknown}
 i - 2 scrolls of identify {unknown}
 m - a scroll of remove curse {unknown}
 r - a scroll of magic mapping {unknown}
 t - 2 scrolls of immolation {unknown}
 v - a scroll of teleportation {unknown}
Potions
 d - a potion of might
 h - a potion of mutation {unknown}
 j - a potion of heal wounds {unknown}
 k - a potion of invisibility {unknown}
 l - a potion of ambrosia {unknown}
 p - 2 potions of curing {unknown}
 s - a potion of cancellation {unknown}
 u - a potion of stabbing {unknown}
Comestibles
 f - 4 rations
 w - 2 chunks of flesh


   Skills:
 + Level 4.0 Fighting
 * Level 3.7 Axes
 + Level 3.5 Armour
 + Level 3.5 Shields


You had 2 spell levels left.
You didn't know any spells.
Your spell library was empty.

Dungeon Overview and Level Annotations

Branches:
Dungeon (2/15)

Altars:


Message History

The adder poisons you!
You barely miss the adder.
The adder is lightly wounded.
* * * LOW HITPOINT WARNING * * *
You feel sick. You block the adder's attack.
The adder bites you but does no damage.
You slash the adder!
The adder is severely wounded.
* * * LOW HITPOINT WARNING * * *
You feel sick. You block the adder's attack. x2
Your shield and scale mail prevent you from hitting the adder.
The adder is severely wounded.
* * * LOW HITPOINT WARNING * * *
You feel sick. The adder bites you but does no damage.
You block the adder's attack.
You miss the adder.
The adder is severely wounded.
* * * LOW HITPOINT WARNING * * *
You feel sick. The adder bites you.
You die...

#......#.....#
#......#.....#
#...†..#.....#
#......#######
#......#
#.....##
#..!..#######
#....†S......
#....@##..###
#......$..#
######.#.## .#
.. .# #.. .. .
.. ...


You could see an adder.

Vanquished Creatures
  A dart slug (D:1)
  A giant cockroach (D:1)
  8 goblins
  A hobgoblin (D:2)
  A quokka (D:2)
  5 bats
  3 frilled lizards
  5 kobolds
  4 rats
29 creatures vanquished.

Notes
Turn   | Place    | Note
-------+----------+-------------------------------------------
     0 | D:1      | Mrkan the Hill Orc Fighter began the quest for the Orb.
     0 | D:1      | Reached XP level 1. HP: 19/19 MP: 1/1
   189 | D:1      | Reached XP level 2. HP: 27/27 MP: 2/2
   739 | D:2      | Reached XP level 3. HP: 32/33 MP: 3/3
   783 | D:2      | Reached skill level 4 in Fighting
   838 | D:2      | Slain by an adder

Levels and vault maps discovered:
D:1:      scummos_arrival_simple_crosswalls, layout_basic
D:2:      layout_basic, grunt_temple_overflow_order_and_chaos_2,
          serial_bayou_crossing

Skill      XL: |  1  2  3 |
---------------+----------+-----
Axes           | 3 |  3.7
Fighting       | 4 |  4.0
Armour         | |  3.5
Shields        | |  3.5

Action                   || total
-------------------------++-------
Melee: War axe           ||   100
Armor: Scale mail        ||    64
Dodge: Dodged            ||    34
Block: Kite shield       ||    72

Table legend:
 A = Non-vault XP
 B = Vault XP
 C = Vault XP percentage of total XP
 D = Non-vault monster count
 E = Vault monster count
 F = Vault count percentage of total count
                 A         B        C        D         E       F
            +---------+---------+-------+---------+---------+-------
      Total |      44 |       0 |   0.0 |      29 |       0 |   0.0
            +---------+---------+-------+---------+---------+-------
        D:1 |      25 |       0 |   0.0 |      17 |       0 |   0.0
        D:2 |      19 |       0 |   0.0 |      12 |       0 |   0.0
            +---------+---------+-------+---------+---------+-------
